 Seeded DCSS version 0.30-a0-149-g7f746667c4 (webtiles) character file.

Game seed: 17782419728330709489 (custom seed)

822 purpskrrrp the Ruffian (level 7, 0/100 HPs)
             Began as a Troll Fighter on Sept 26, 2022.
             Was an Initiate of Nemelex Xobeh.
             Slain by Edmund
             ... wielding a +2 flail of protection
              (9 damage)
             ... on level 5 of the Dungeon.
             The game lasted 00:06:00 (2729 turns).

purpskrrrp the Ruffian (Troll Fighter)              Turns: 2729, Time: 00:06:00

Health: 0/100      AC:  5    Str: 34    XL:     7   Next: 63%
Magic:  7/7        EV: 12    Int:  4    God:    Nemelex Xobeh [......]
Gold:   176        SH:  8    Dex:  9    Spells: 6/6 levels left

rFire   + + .      SeeInvis .      - Unarmed
rCold   . . .      Faith    .    b - +0 kite shield
rNeg    + . .      Spirit   .    a - +0 robe
rPois   +          Reflect  .    (helmet restricted)
rElec   +          Harm     .    k - +0 cloak
rCorr   .          Rampage  .    (gloves unavailable)
Will    .....                    (boots unavailable)
Stlth   ..........               (no amulet)
HPRegen 1.06/turn                o - ring of the Villain {*Corrode rPois rF++ EV+4}
MPRegen 0.10/turn                e - ring "Suuniosu" {rElec rN+ Str+7}

@: berserking, very quick
A: large, unfitting armour, claws 3, regeneration 1, shaggy fur 1, tough skin 1
a: Renounce Religion, Draw Escape, Draw Destruction, Draw Summoning


You were on level 5 of the Dungeon.
You worshipped Nemelex Xobeh.
Nemelex Xobeh was noncommittal.
You visited 1 branch of the dungeon, and saw 5 of its levels.

You collected 176 gold pieces.

Inventory:

Armour
 a - a +0 robe (worn)
 b - a +0 kite shield (worn)
 k - a +0 cloak (worn)
Jewellery
 e - the ring "Suuniosu" (right claw) {rElec rN+ Str+7}
   (You acquired it on level 3 of the Dungeon)

   [ring of positive energy]

   Str:       It affects your strength (+7).
   rElec:     It insulates you from electricity.
   rN:        It protects you from negative energy.
 o - the ring of the Villain (left claw) {*Corrode rPois rF++ EV+4}
   (You found it on level 3 of the Dungeon)

   [ring of evasion]

   EV:        It affects your evasion (+4).
   rF:        It greatly protects you from fire.
   rPois:     It protects you from poison.
   *Corrode:  It may corrode you when you take damage.
Scrolls
 f - a scroll of noise
Potions
 c - a potion of might
 d - 2 potions of curing
 g - a potion of flight
 i - 2 potions of lignification
 j - a potion of attraction
 l - a potion of heal wounds
 m - a potion of brilliance {unknown}


   Skills:
 + Level 3.2 Fighting
 - Level 2.4 Dodging
 + Level 5.2 Shields
 * Level 5.9 Unarmed Combat
 * Level 2.6 Invocations


You had 6 spell levels left.
You didn't know any spells.
Your spell library contained the following spells:

 Spells                   Type           Power      Damage    Failure   Level
 Magic Dart               Conj           0%         1d3       77%         1
 Shock                    Conj/Air       0%         1d3       77%         1
 Cigotuvi's Dreadful Rot  Necr/Pois/Air  0%         N/A       88%         2
 Poisonous Vapours        Pois/Air       0%         N/A       88%         2
 Searing Ray              Conj           0%         2d4       88%         2
 Stone Arrow              Conj/Erth      0%         3d7       98%         3
 Swiftness                Air            0%         N/A       98%         3
 Airstrike                Air            0%         2d(0-16)  100%        4
 Animate Armour           Summ/Erth      0%         N/A       100%        4
 Fulminant Prism          Conj/Hex       0%         3d6       100%        4
 Lehudib's Crystal Spear  Conj/Erth      0%         10d2      100%        8


Dungeon Overview and Level Annotations

Branches:
Dungeon (5/15)
 Temple: D:4-7

Altars:
Cheibriados
Gozag
Nemelex Xobeh
Trog
Vehumet

Annotations:
D:5 Edmund


Innate Abilities, Weirdness & Mutations

You are too large for most types of armour.
You have claws for hands.
Your natural rate of healing is unusually fast.
You are covered in fur. (AC +1)
You have tough skin. (AC +1)


Message History

Grinder says, "Wait up."
Grinder hits you but does no damage.
Edmund says, "I'm quite good with sums, too."
You block Edmund's attack.
You barely miss Grinder.
Grinder is severely wounded.
Grinder blinks!
Edmund hits you with a +2 flail of protection.
You closely miss Edmund. You claw Edmund!
Edmund is moderately wounded.
Grinder gestures at you.
You suddenly lose the ability to move!
Edmund hits you with a +2 flail of protection.
Edmund hits you with a +2 flail of protection.
Grinder blinks!
Edmund hits you with a +2 flail of protection.
Grinder hits you.
* * * LOW HITPOINT WARNING * * *
You writhe in agony.
* * * LOW HITPOINT WARNING * * *
Edmund hits you with a +2 flail of protection!
* * * LOW HITPOINT WARNING * * *
Grinder hits you but does no damage.
Edmund hits you with a +2 flail of protection!
* * * LOW HITPOINT WARNING * * *
You can move again.
You closely miss Grinder.
Grinder is severely wounded.
Grinder barely misses you. You block Edmund's attack.
You mangle Grinder!!
You kill Grinder!
You barely miss Edmund.
Edmund is moderately wounded.
You block Edmund's attack.
You closely miss Edmund.
Edmund is moderately wounded.
Edmund hits you with a +2 flail of protection!
You die...
Your body disappears without a glow.

####### .###
.......
#....####.....
#...........
#........@#
#.......@.#
#.........#
#.........#
#.........+
#.........#
#.[.......#
#####+##...###
+..........# #
######'######


You could see Edmund.

Vanquished Creatures
  Grinder (D:5)
  An ogre (D:4)
  A phantom (D:4)
  A bullfrog (D:4)
  A scorpion (D:4)
  Crazy Yiuf (D:3)
  A jelly (D:4)
  2 orc priests
  Jessica (D:3)
  An iguana (D:4)
  An orc wizard (D:4)
  5 adders
  An ufetubus (D:4)
  A worm (D:4)
  A dart slug (D:4)
  13 orcs
  5 bats
  10 endoplasms
  2 giant cockroaches (D:1)
  12 hobgoblins
  4 jackals (D:2)
  6 kobolds
  4 quokkas
  8 ball pythons
  3 frilled lizards
  7 goblins
  4 rats (D:1)
98 creatures vanquished.

Vanquished Creatures (others)
  An orc wizard (D:4)
  A plant (D:3)
2 creatures vanquished.

Grand Total: 100 creatures vanquished

Notes
Turn   | Place    | Note
-------+----------+-------------------------------------------
     0 | D:1      | purpskrrrp the Troll Fighter began the quest for the Orb.
     0 | D:1      | Reached XP level 1. HP: 22/22 MP: 0/0
    84 | D:1      | Reached XP level 2. HP: 29/29 MP: 1/1
   226 | D:1      | Reached XP level 3. HP: 35/36 MP: 2/2
  1079 | D:3      | Reached XP level 4. HP: 44/44 MP: 3/3
  1223 | D:3      | Found a runed translucent door.
  1224 | D:3      | Noticed Crazy Yiuf
  1506 | D:3      | Identified the ring of the Villain {*Corrode rPois rF++
                  | EV+4}
  1684 | D:3      | Found a radiant altar of Vehumet.
  1690 | D:3      | Noticed Jessica
  1700 | D:3      | Killed Jessica
  1701 | D:3      | Reached XP level 5. HP: 45/50 MP: 4/4
  1718 | D:3      | Found a faded altar of an unknown god.
  1837 | D:3      | Identified a scroll of acquirement
  1837 | D:3      | Acquired the ring "Suuniosu" {rElec rN+ Str+7}
  1884 | D:3      | Killed Crazy Yiuf
  1963 | D:4      | Noticed a phantom
  2069 | D:4      | Killed a phantom
  2091 | D:4      | Reached XP level 6. HP: 59/59 MP: 5/5
  2169 | D:4      | Identified the +5 short sword of Aseefe Gusun {drain, rPois
                  | rCorr Dex+8}
  2353 | D:4      | Found a sparkling altar of Nemelex Xobeh.
  2364 | D:4      | Became a worshipper of Nemelex Xobeh the Trickster
  2388 | D:4      | Found a snail-covered altar of Cheibriados.
  2395 | D:4      | Reached skill level 5 in Unarmed Combat
  2448 | D:4      | Reached skill level 1 in Invocations
  2452 | D:4      | Found a bloodstained altar of Trog.
  2516 | D:4      | Reached skill level 5 in Shields
  2520 | D:4      | Reached XP level 7. HP: 55/67 MP: 5/7
  2538 | D:4      | Found an opulent altar of Gozag.
  2657 | D:5      | Entered Level 5 of the Dungeon
  2708 | D:5      | Noticed Grinder
  2710 | D:5      | Noticed Edmund
  2712 | D:5      | Paralysed by Grinder for 5 turns
  2721 | D:5      | Paralysed by Grinder for 4 turns
  2727 | D:5      | Killed Grinder
  2729 | D:5      | Slain by Edmund

Illustrated notes

Levels and vault maps discovered:
D:1:      lightli_arrival_chessboard, layout_rooms
D:2:      layout_basic
D:3:      layout_basic, nicolae_vehumet_altar_sigil,
          hellmonk_ecumenical_altar_prayer_group, kennysheep_boxes,
          uniq_crazy_yiuf_cottage, uniq_jessica
D:4:      layout_rooms, nemelex_xobeh_ov_fountains_minmay,
          nicolae_overflow_crystal_walls, minitemple
D:5:      layout_basic, mainiacjoe_overflow_cross_hatched,
          minmay_temple_entry_nine_rooms, uniq_duvessa, uniq_grinder,
          uniq_edmund

Skill      XL: |  1  2  3  4  5  6  7 |
---------------+----------------------+-----
Shields        | 3 4 5 |  5.2
Unarmed Combat | 3 4 5 |  5.9
Invocations    | 1 2 |  2.6
Fighting       | 3 |  3.2
Dodging        | |  2.4

Action                   |  1- 3 |  4- 6 |  7- 9 || total
-------------------------+-------+-------+-------++-------
Melee: Unarmed           |   148 |   118 |    22 ||   288
  Use: Scroll            |     3 |     9 |       ||    12
       Potion            |       |     2 |     2 ||     4
Armor: Robe              |    71 |    21 |     8 ||   100
Dodge: Dodged            |    69 |    54 |     7 ||   130
Block: Kite shield       |    70 |    41 |    11 ||   122

Table legend: (Time is in decaauts)
 A = Elapsed time spent in this place.
 B = Non-inter-level travel time spent in this place.
 C = Inter-level travel time spent in this place.
 D = Time resting spent in this place.
 E = Time spent auto-exploring this place.
 F = Levels seen in this place.
 G = Mean time per level.
                   A        B        C        D        E       F      G
               +--------+--------+--------+--------+--------+-----+--------+
         Total |   2751 |   2688 |     63 |    278 |   1799 |   5 |  550.2 |
       Dungeon |   2751 |   2688 |     63 |    278 |   1799 |   5 |  550.2 |
               +--------+--------+--------+--------+--------+-----+--------+

Top non-repeatable levels by time:
     D:3: 1086 daAuts
     D:4: 593 daAuts
     D:2: 520 daAuts
     D:1: 479 daAuts
     D:5: 70 daAuts
